 Dungeon Crawl Stone Soup version 0.30-a0-618-gd6c86c23d0 (webtiles) character file.

Game seed: 13065570823978661480

4 Leeroy the Insei (level 1, -5/15 HPs)
             Began as a Merfolk Transmuter on Jan 9, 2023.
             Slain by a gnoll
             ... wielding a +0 spear
              (8 damage)
             ... on level 1 of the Dungeon.
             The game lasted 00:00:46 (161 turns).

Leeroy the Insei (Merfolk Transmuter)                Turns: 161, Time: 00:00:47

Health: -5/15      AC:  2    Str: 10    XL:     1   Next: 70%
Magic:  3/3        EV: 12    Int: 12    God:
Gold:   13         SH:  0    Dex: 14    Spells: 3/4 levels left

rFire   . . .      SeeInvis .      - Unarmed
rCold   . . .      Faith    .    (no shield)
rNeg    . . .      Spirit   .    a - +0 robe
rPois   .          Reflect  .    (no helmet)
rElec   .          Harm     .    (no cloak)
rCorr   .          Rampage  .    (no gloves)
Will    .....                    (no boots)
Stlth   +                        (no amulet)
HPRegen 0.22/turn                (no ring)
MPRegen 0.08/turn                (no ring)

@: no status effects
A: (nimble swimmer 2), mertail
a: no special abilities


You were on level 1 of the Dungeon.
You visited 1 branch of the dungeon, and saw 1 of its levels.

You collected 13 gold pieces.

Inventory:

Armour
 a - a +0 robe (worn)
Potions
 b - a potion of lignification


   Skills:
 - Level 1.1 Fighting
 - Level 2.6 Dodging
 + Level 3.5 Unarmed Combat
 - Level 2.0 Spellcasting
 + Level 2.8 Transmutations


You had 3 spell levels left.
You knew the following spells:

 Your Spells              Type           Power      Damage    Failure   Level
a - Beastly Appendage     Tmut           16%        N/A       9%          1

Your spell library contained the following spells:

 Spells                   Type           Power      Damage    Failure   Level
 Wereblood                Tmut           8%         N/A       13%         2
 Spider Form              Tmut/Pois      4%         N/A       41%         3
 Ice Form                 Ice/Tmut       4%         N/A       83%         4


Dungeon Overview and Level Annotations

Branches:
Dungeon (1/15)

Altars:


Innate Abilities, Weirdness & Mutations

((You are very nimble when in or above water. (Stealth+, EV+, Speed+++)))
Your lower body shifts to a powerful aquatic tail in water.


Message History

A hobgoblin is nearby!
The helpless hobgoblin fails to defend itself.
You hit the hobgoblin.
You kill the hobgoblin!
No target in view!
No target in view!
No target in view!
No target in view!
You see here a hobgoblin corpse.
Found a stone staircase leading down.
You now have 13 gold pieces.
A gnoll comes into view. It is wielding a +0 spear.
The helpless gnoll fails to defend itself.
You hit the gnoll.
The gnoll is moderately wounded.
The gnoll barely misses you.
You hit the gnoll but do no damage.
The gnoll is moderately wounded.
The gnoll misses you.
You hit the gnoll but do no damage.
The gnoll is moderately wounded.
The gnoll hits you but does no damage.
You hit the gnoll but do no damage.
The gnoll is moderately wounded.
The gnoll hits you with a +0 spear!
Ouch! That really hurt!
You are too injured to fight recklessly!
You are too injured to fight recklessly!
You closely miss the gnoll.
The gnoll is moderately wounded.
The gnoll closely misses you.
You barely miss the gnoll.
The gnoll is moderately wounded.
The gnoll hits you with a +0 spear.
* * * LOW HITPOINT WARNING * * *
You completely miss the gnoll.
The gnoll is moderately wounded.
The gnoll hits you with a +0 spear!
Ouch! That really hurt!
You die...

#.#.#...#.#.#
#.#.#####.#.#
#.#.........#
#.#######.### #.#
#.# #######.# #.#
........#######.#
#########.........#
#....g@...#########
#.#########


You could see a gnoll.

Vanquished Creatures
  A hobgoblin (D:1)
  2 jackals (D:1)
  A rat (D:1)
4 creatures vanquished.

Notes
Turn   | Place    | Note
-------+----------+-------------------------------------------
     0 | D:1      | Leeroy the Merfolk Transmuter began the quest for the Orb.
     0 | D:1      | Reached XP level 1. HP: 15/15 MP: 3/3
   161 | D:1      | Slain by a gnoll

Illustrated notes

Levels and vault maps discovered:
D:1:      eino_arrival_cavern_a, layout_loops_ring,
          nicolae_ecumenical_lake_church, serial_bayou, serial_bayou_ford_a,
          serial_bayou_pond_e, serial_bayou_shore_b, serial_bayou_crossing,
          minmay_split_cup_small

Action                   || total
-------------------------++-------
Melee: Unarmed           ||    18
 Cast: Beastly Appendage ||     2
 Stab: Sleeping          ||     2
Armor: Robe              ||     3
Dodge: Dodged            ||     7

Table legend: (Time is in decaauts)
 A = Elapsed time spent in this place.
 B = Non-inter-level travel time spent in this place.
 C = Inter-level travel time spent in this place.
 D = Time resting spent in this place.
 E = Time spent auto-exploring this place.
 F = Levels seen in this place.
 G = Mean time per level.
                   A        B        C        D        E       F      G
               +--------+--------+--------+--------+--------+-----+--------+
         Total |    160 |    160 |      0 |      0 |    121 |   1 |  160.0 |
       Dungeon |    160 |    160 |      0 |      0 |    121 |   1 |  160.0 |
               +--------+--------+--------+--------+--------+-----+--------+

Top non-repeatable levels by time:
     D:1: 160 daAuts
